Map: Terrasses de Prion

Players

Grugdush

  • Race: Protoss Protoss
  • League: Gold

Karldaskamel - Winner!

  • Race: Terran Terran

VOD

Have the link to the VOD?

Description

Time

  • Played on: Feb. 9, 2016, 9:11 a.m.
  • Length: 8:54
Show
View Real Time Build Order
Export as new Build Order

Grugdush Protoss 

Build Orders: 1 Gate Expand, Colossus Rush 

Get SALT Encoding   

  12  0:01  Probe (Chrono Boost)  
  13  0:12  Probe (Chrono Boost)  
  14  0:20  Pylon  
  14  0:23  Probe (Chrono Boost)  
  15  0:40  Gateway  
  15  0:41  Probe (Chrono Boost)  
  16  0:49  Assimilator  
  16  0:51  Probe (Chrono Boost)  
  17  1:04  Probe (Chrono Boost)  
  18  1:20  Probe (Chrono Boost)  
  18  1:23  Nexus  
  19  1:32  Cybernetics Core  
  19  1:38  Assimilator  
  20  1:40  Probe (Chrono Boost)  
  20  1:56  Probe (Chrono Boost)  
  20  1:59  Warp Gate (Chrono Boost)  
  21  2:06  Probe (Chrono Boost)  
  22  2:14  Pylon  
  22  2:18  Pylon  
  22  2:21  Pylon  
  22  2:26  Robotics Facility  
  22  2:35  Mothership Core (Chrono Boost)  
  24  2:42  Probe (Chrono Boost)  
  25  2:46  Adept  
  27  3:11  Probe (Chrono Boost)  
  29  3:12  Probe (Chrono Boost)  
  29  3:13  Adept  
  29  3:19  Robotics Bay  
  31  3:21  Probe (Chrono Boost)  
  31  3:25  Probe (Chrono Boost)  
  33  3:31  Observer  
  33  3:32  Probe (Chrono Boost)  
  35  3:36  Probe (Chrono Boost)  
  36  3:43  Probe (Chrono Boost)  
  36  3:46  Probe (Chrono Boost)  
  36  4:15  Stalker  
  33  4:42  Probe  
  33  4:43  Probe  
  31  4:53  Probe  
  31  4:55  Probe  
  35  5:08  Probe  
  35  5:14  Observer (Chrono Boost)  
  33  5:26  Stalker  
  29  5:47  Colossus (Chrono Boost)  
  31  6:12  Probe  
  31  6:13  Probe  
  33  6:18  Gateway  
  33  6:22  Probe  
  33  6:25  Gateway, Probe  
  35  6:29  Forge  
  35  6:33  Probe  
  35  6:34  Gateway  
  35  6:35  Pylon  
  35  6:37  Probe  
  37  6:43  Probe  
  38  6:49  Probe  
  38  6:51  Disruptor (Chrono Boost)  
  42  6:54  Probe  
  42  6:59  Gateway  
  43  7:02  Probe  
  43  7:08  Gateway  
  36  7:16  Probe  
  36  7:18  Probe  
  38  7:30  Probe  
  38  7:32  Observer Gravitic Boosters (Chrono Boost)  
  39  7:40  Warp Prism  
  41  7:52  Stalker x2  
  41  7:53  Zealot  
  41  7:57  Probe  
Show
View Real Time Build Order
Export as new Build Order

Karldaskamel Terran - Winner!

Build Orders: Hellion Banshee 

Get SALT Encoding   

  12  0:01  SCV  
  13  0:13  SCV  
  14  0:22  Supply Depot  
  14  0:25  SCV  
  15  0:30  Refinery  
  15  0:45  Barracks  
  15  0:46  SCV  
  16  0:58  SCV  
  16  1:01  Refinery  
  17  1:10  SCV  
  18  1:22  SCV  
  19  1:34  Supply Depot  
  19  1:35  Orbital Command  
  19  1:48  Factory  
  19  1:51  Barracks Reactor  
  19  2:01  SCV  
  20  2:13  SCV  
  21  2:25  SCV  
  22  2:34  Starport  
  22  2:40  Barracks Tech Lab  
  22  2:43  Hellion x2  
  26  2:47  SCV  
  27  2:53  Supply Depot  
  27  2:59  SCV  
  27  3:04  Hellion  
  30  3:15  Hellion  
  32  3:23  Command Center  
  32  3:27  Banshee  
  32  3:31  Marine  
  36  3:35  Hellion  
  36  3:39  Cloaking Field  
  38  3:52  Marine  
  39  3:59  Supply Depot  
  39  4:21  Hellion x2  
  39  4:22  Banshee  
  38  4:43  Barracks Tech Lab  
  38  4:44  Orbital Command  
  38  5:00  Widow Mine  
  38  5:02  Barracks  
  38  5:05  Barracks  
  40  5:07  Supply Depot  
  40  5:11  Supply Depot  
  40  5:28  Widow Mine  
  40  5:29  Banshee  
  45  6:22  SCV  
  45  6:24  Orbital Command  
  46  6:34  SCV  
  47  6:40  Factory  
  47  6:44  Barracks Tech Lab x2  
  47  6:47  Barracks, SCV  
  48  6:49  Hellion x2, Engineering Bay  
  48  6:50  Marine  
  53  6:59  SCV  
  54  7:08  Marine  
  55  7:11  SCV  
  53  7:23  SCV  
  53  7:25  Marine  
  55  7:30  Liberator x2  
  55  7:37  Factory Tech Lab, Barracks Tech Lab  
  59  7:44  Marauder x3  
  59  7:46  Siege Tank  
  72  8:05  Marauder  
  72  8:09  Marauder x3  
  78  8:17  Supply Depot  
  78  8:18  Supply Depot  
  77  8:21  Siege Tank  
  72  8:27  Marauder  
  72  8:30  Marauder  
Tags
 
Add a new tag
Caveats
  • Supply blocks, unpowered buildings, or Contaminate may cause inaccurate times.
  • Supply counts are checked every 10 seconds.